[Event "*** Titled Tuesday Blitz"]
[Site "Chess.com"]
[Date "2020.12.01"]
[Round "10"]
[White "Fortitudine"]
[Black "MikeSailer"]
[Result "1/2-1/2"]
[WhiteElo "2349"]
[BlackElo "2168"]
[TimeControl "180+1"]
[EndTime "11:56:09 PST"]
[Termination "Game drawn by repetition"]

1. c4 c6 2. Nf3 d5 3. b3 Nf6 4. Bb2 Bf5 5. g3 e6 6. Bg2 Be7 7. O-O O-O 8. d3 h6 9. Qc1 Nbd7 10. Ba3 a5 11. Bxe7 Qxe7 12. Qa3 Qxa3 13. Nxa3 Rfe8 14. Rac1 g5 15. Rfd1 Kg7 16. Rd2 Ng4 17. h3 Nge5 18. Nxe5 Nxe5 19. d4 Nd7 20. cxd5 exd5 21. e3 Nf6 22.
Rb2 Bd3 23. Nb1 Ne4 24. Nc3 Nxc3 25. Rxc3 Be4 26. f3 Bf5 27. Kf2 h5 28. a4 g4 29.
fxg4 hxg4 30. h4 Be4 31. Bxe4 Rxe4 32. b4 axb4 33. Rxb4 Re7 34. Rcb3 Ra7 35. Ra3 Re6 36. a5 Rf6+ 37. Kg2 Re6 38. Rba4 Kf6 39. Kf2 Kf5 40.
Ke2 Ke4 41. a6 Rxa6 42. Rxa6 bxa6 43. Rxa6 Rf6 44. Ra8 Rf3 45. Re8+ Kf5 46. Re5+ Kf6 47. Rg5 Rxg3 48. Rg8 Rg2+ 49. Kd3 g3 50. h5 Rh2 51. Rxg3 Rxh5 52. Rf3+ Ke6 53. Rf4 Rf5 54. Rg4 Rf3 55. Rg8 f5 56. Ke2 Rh3 57. Rg6+ Kd7 58. Rf6 Rh2+ 59.
Kf3 Rh3+ 60. Kf4 Rh4+ 61. Kf3 Rh3+ 62. Kf2 Rh2+ 63. Kf3 Rh3+ 1/2-1/2

[Event "*** Titled Tuesday Blitz"]
[Site "Chess.com"]
[Date "2020.12.01"]
[Round "10"]
[White "beto-betun"]
[Black "Trickov"]
[Result "1/2-1/2"]
[WhiteElo "2203"]
[BlackElo "2327"]
[TimeControl "180+1"]
[EndTime "11:56:11 PST"]
[Termination "Game drawn - timeout vs insufficient material"]

1. d4 d5 2. Nf3 Nf6 3. c4 c6 4.
Nc3 dxc4 5. a4 Bf5 6. e3 e6 7.
Bxc4 Bb4 8. O-O O-O 9. Nh4 Bg4 10. f3 Bh5 11. g4 Nd5 12. Ng2 Bg6 13. Ne2 c5 14.
Nef4 Nxf4 15. Nxf4 cxd4 16. Nxg6 hxg6 17. exd4 Nc6 18.
Be3 Rc8 19. Qd3 Qa5 20. b3 Rfd8 21. Qe4 Nxd4 22. Rad1 Nc6 23. g5 Bc5 24. Kg2 Bxe3 25. Qxe3 Qe5 26. Qc1 Nd4 27. f4 Qe4+ 28. Kg1 Nf5 29.
Rxd8+ Rxd8 30. Rd1 Qe3+ 31. Qxe3 Rxd1+ 32. Kf2 Nxe3 33. Kxe3 Rh1 34. f5 gxf5 35. g6 Rxh2 36.
gxf7+ Kxf7 37. Kf4 Kf6 38. Kg3 Rc2 39. Bb5 Rc3+ 40.
Kf2 Rxb3 41. Bc4 Rb4 42. Bf1 Rxa4 43. Ke3 e5 44. Bg2 Ra3+ 45. Kf2 e4 46. Bh3 f4 47. Bc8 Ra2+ 48. Ke1 Rb2 49. Kd1 f3 50. Kc1 Rb6 51. Kd2 Ke5 52. Ke3 Rb3+ 53. Kf2 Kd4 54. Kg3 Rb2 55. Kf4 f2 56. Bxb7 f1=Q+ 57. Kg5 Qf6+ 58.
Kg4 1/2-1/2

[Event "*** Titled Tuesday Blitz"]
[Site "Chess.com"]
[Date "2020.12.01"]
[Round "10"]
[White "Kolle05"]
[Black "FMalexhdez"]
[Result "0-1"]
[WhiteElo "2425"]
[BlackElo "2312"]
[TimeControl "180+1"]
[EndTime "11:56:12 PST"]
[Termination "FMalexhdez won by checkmate"]

1. e4 c5 2. Nf3 d6 3. Bb5+ Bd7 4. Bxd7+ Qxd7 5. c4 Nc6 6. Nc3 g6 7. d4 cxd4 8. Nxd4 Bg7 9. Be3 Nf6 10. f3 O-O 11.
Rc1 Rac8 12. b3 e6 13. O-O a6 14. Na4 Qc7 15. Nxc6 bxc6 16. Nc3 Nd7 17. f4 f5 18. Qf3 Nf6 19. Bd4 Nxe4 20. Bxg7 Kxg7 21. Nxe4 fxe4 22. Qxe4 Rf6 23. Rfe1 Rcf8 24. g3 Qb6+ 25. Qe3 Qa5 26. Re2 d5 27. cxd5 exd5 28. Qd4 Kg8 29. Re7 Qa3 30. Rce1 Qxa2 31. Qa7 R6f7 32. Rxf7 Rxf7 33.
Re8+ Kg7 34. Qd4+ Kh6 35. g4 Qb1+ 36. Kg2 Qc2+ 37. Kg3 c5 38. g5+ Kh5 39. Qe3 Qd1 40. Kf2 Qc2+ 41. Ke1 Qb1+ 42. Kf2 Qc2+ 43. Kg1 Qd1+ 44.
Kg2 Qc2+ 45. Kh1 Qd1+ 46. Kg2 Qg4+ 47. Kf2 Rxf4+ 48. Ke1 Re4 49. Rxe4 Qxe4 50. Qxe4 dxe4 51. Kf2 Kxg5 52. Ke3 Kf5 53. h4 Ke5 54. Ke2 Kd5 55.
Ke3 Ke5 56. Ke2 Kf4 57. Kf2 e3+ 58. Ke2 Ke4 59. Ke1 Kd3 60. Kd1 h6 61. Ke1 g5 62.
hxg5 hxg5 63. b4 cxb4 64. Kf1 b3 65. Kg2 b2 66. Kg3 b1=Q 67. Kg4 e2 68. Kf5 e1=Q 69. Kg6 Qb6+ 70. Kh5 Qh4# 0-1

[Event "*** Titled Tuesday Blitz"]
[Site "Chess.com"]
[Date "2020.12.01"]
[Round "10"]
[White "MashaFromRussia"]
[Black "ViktoriyaTarasova"]
[Result "1/2-1/2"]
[WhiteElo "2419"]
[BlackElo "2297"]
[TimeControl "180+1"]
[EndTime "11:56:13 PST"]
[Termination "Game drawn by repetition"]

1. d4 Nf6 2. c4 e6 3. g3 d5 4. Nf3 Bb4+ 5. Bd2 Be7 6. Bg2 O-O 7. O-O c6 8. Qc2 b6 9. Bf4 Bb7 10. Rd1 Nbd7 11. b3 Nh5 12. Bc1 Rc8 13. e4 dxe4 14. Qxe4 Nhf6 15. Qe2 Qc7 16. Bf4 Bd6 17. Bxd6 Qxd6 18.
Nc3 Qc7 19. Ne5 Rfd8 20. Rac1 Nf8 21. h4 Qe7 22. Ne4 Nxe4 23. Qxe4 Nd7 24. Nxd7 Rxd7 25. Qe5 Rcd8 26. Rd2 Qd6 27. Qxd6 Rxd6 28. Rcd1 Kf8 29.
Kf1 Ke7 30. Ke1 Ba8 31. c5 R6d7 32. Ke2 Bb7 33. Ke3 f6 34. f4 bxc5 35. dxc5 Rxd2 36. Rxd2 Rxd2 37. Kxd2 Kd7 38. Kc3 Ba6 39. Kd4 h6 40. Be4 Be2 41. b4 Kc7 42. Bd3 Bf3 43. Be4 Be2 44. a3 Bd1 45. Bd3 Bg4 46. Be4 Be2 47. Bd3 Bg4 48. Be4 Be2 49. Ke3 Bd1 50. Bf3 Bb3 51.
Be2 Bd5 52. Bf3 Bc4 53. Be4 Kb7 54. Kf3 a5 55. Kg4 axb4 56. axb4 Be2+ 57. Bf3 Bxf3+ 58. Kxf3 Ka6 59. Kg4 Kb5 60. Kh5 Kxb4 61. Kg6 Kxc5 62. h5 Kd4 63. Kxg7 c5 64. Kxh6 c4 65. Kg7 c3 66. h6 c2 67. h7 c1=Q 68. h8=Q Qg1 69.
Qh4 f5 70. Kf6 Kd5 71. Qg5 Qd4+ 72. Kg6 Qh8 73. Qe7 Qg8+ 74. Kf6 Qh8+ 75. Kg6 Qg8+ 76. Kf6 Qh8+ 77. Kg6 1/2-1/2

[Event "*** Titled Tuesday Blitz"]
[Site "Chess.com"]
[Date "2020.12.01"]
[Round "10"]
[White "szabadaba"]
[Black "AlexSuv"]
[Result "1-0"]
[WhiteElo "2678"]
[BlackElo "2555"]
[TimeControl "180+1"]
[EndTime "11:56:15 PST"]
[Termination "szabadaba won by resignation"]

1. e4 c5 2. Nc3 e6 3. g3 Nc6 4. Bg2 g6 5. d3 Bg7 6. Be3 Nd4 7. Qd2 d6 8. Nd1 Rb8 9. c3 Nc6 10. Nf3 b5 11. O-O Nge7 12. Nh4 O-O 13. Bh6 b4 14.
Bxg7 Kxg7 15. f4 f5 16. Ne3 bxc3 17. bxc3 Qa5 18. Nc4 Qc7 19. exf5 gxf5 20. Rfe1 Rf6 21. Nf3 Ba6 22. Rad1 h6 23. Nh4 Rd8 24. Re2 Ng6 25.
Nxg6 Rxg6 26. Rde1 Re8 27. Re3 Nd8 28. Bf3 Nf7 29.
Bh5 Rf6 30. Qf2 Qd7 31. Rb1 Kh7 32. Qe2 Bxc4 33. dxc4 e5 34. Bxf7 Qxf7 35. fxe5 Rfe6 36. Qf3 Rxe5 37. Rxe5 Rxe5 38. Rb7 Re7 39. Rxe7 Qxe7 40. Qxf5+ Kg7 41. Qg4+ Kh7 42. Kg2 a5 43. a4 Qe5 44. Qf3 Kg6 45. Qd3+ Kg7 46. h4 h5 47. Qf3 Kg6 48. Qd3+ Kh6 49. Kf2 Qf6+ 50. Qf3 Qg7 51. Qf4+ Kh7 52. Qxd6 Qxc3 53. Qxc5 Qc2+ 54. Kf3 Qd1+ 55. Kf4 Qd2+ 56. Qe3 Qd6+ 57. Qe5 Qd2+ 58. Kf5 Qf2+ 59. Qf4 Qc5+ 60. Qe5 Qf2+ 61. Ke6 Qb6+ 62. Kd5 Qb7+ 63. Kd4 Qb6+ 64. Qc5 Qb2+ 65. Ke4 Qg2+ 66.
Kd4 Qf2+ 67. Kd5 Qf5+ 68. Kc6 Qc8+ 69. Kb5 Qb8+ 70. Kxa5 Qxg3 71. Qxh5+ Kg7 72. Qg5+ Qxg5+ 73. hxg5 Kg6 74. Kb6 1-0

[Event "*** Titled Tuesday Blitz"]
[Site "Chess.com"]
[Date "2020.12.01"]
[Round "10"]
[White "ondoko"]
[Black "Chessbard1972"]
[Result "1-0"]
[WhiteElo "2153"]
[BlackElo "2363"]
[TimeControl "180+1"]
[EndTime "11:56:17 PST"]
[Termination "ondoko won by checkmate"]

1. e4 c5 2. Nf3 a6 3. c3 d5 4. exd5 Qxd5 5. d4 Nf6 6. c4 Qe4+ 7. Be3 cxd4 8. Nbd2 Qg4 9. h3 Qh5 10. Nxd4 Qxd1+ 11. Rxd1 e5 12. N4b3 Nc6 13. g4 Nd4 14. Nxd4 exd4 15.
Bxd4 Be7 16. Bg2 O-O 17. O-O Rd8 18. Bb6 Re8 19. Rfe1 Be6 20. b3 h6 21. Ne4 Nxe4 22. Bxe4 Bb4 23. Re2 g6 24. Kg2 Bc3 25. Bf3 a5 26. Be3 Bg7 27. Bxb7 Rab8 28. Bd5 a4 29. Bxe6 Rxe6 30. Rb1 h5 31. Kf3 Rf6+ 32. Kg2 Re6 33. c5 f5 34. gxf5 gxf5 35. Kf3 Rb4 36. Rc2 Rc6 37. Bd2 Rb7 38. b4 Rbc7 39. Rbc1 Rb7 40.
Rb1 Rb5 41. a3 Be5 42. Bf4 Bd4 43. Be3 Be5 44. Rd1 Kf7 45. Rd5 Ke6 46. Rcd2 Rb7 47. Bf4 Bc3 48. Rd6+ Rxd6 49. Rxd6+ Ke7 50. Rd3 Bb2 51.
c6 Ra7 52. b5 Bxa3 53. Rxa3 Ra5 54. c7 Kd7 55. b6 Kc8 56. Rd3 a3 57. Rd8+ Kb7 58. c8=Q+ Kxb6 59. Qc7+ Kb5 60. Rd5+ Kb4 61. Qxa5+ Kc4 62. Qb5+ Kc3 63. Rd3+ Kc2 64. Qb3# 1-0

[Event "*** Titled Tuesday Blitz"]
[Site "Chess.com"]
[Date "2020.12.01"]
[Round "10"]
[White "Mikhail_Golubev"]
[Black "Piotrek1979"]
[Result "1/2-1/2"]
[WhiteElo "2570"]
[BlackElo "2500"]
[TimeControl "180+1"]
[EndTime "11:56:19 PST"]
[Termination "Game drawn - insufficient material"]

1. e4 c5 2. Nf3 d6 3. d4 cxd4 4. Nxd4 Nf6 5. Nc3 Nc6 6. Bc4 Bd7 7. Bb3 g6 8. f3 Nxd4 9. Qxd4 Bg7 10. Bg5 O-O 11.
O-O-O Qa5 12. Qe3 Be6 13. Kb1 Rfc8 14. h4 Rc5 15. Qd2 Rac8 16. h5 Rxg5 17. hxg6 hxg6 18. g4 Bxb3 19. axb3 Rgc5 20. Qe1 Rxc3 21. bxc3 Nxe4 22. Qxe4 Bxc3 23. Qa4 Qxa4 24. bxa4 Rc4 25. Rd3 Rb4+ 26.
Ka2 Rb2+ 27. Ka3 Rxc2 28. Kb3 Rb2+ 29. Kxc3 Rb6 30. Kc4 e6 31. Kc3 d5 32. Kc2 Rb4 33.
Rc3 Rxa4 34. Rc7 Ra2+ 35. Kb3 Rf2 36. Rxb7 Rxf3+ 37. Kc2 Rf4 38. Rg1 g5 39. Rxa7 Kg7 40. Ra3 Kg6 41. Rag3 e5 42. Kd2 d4 43. Kd3 Rf2 44. R3g2 Rf3+ 45. Ke2 Re3+ 46. Kd2 Ra3 47. Re2 f6 48. Rf1 Rb3 49. Kc2 Rg3 50. Kd2 Rxg4 51. Ref2 Rf4 52. Rxf4 gxf4 53. Kd3 Kf5 54. Rf2 Kg4 55.
Rg2+ Kf3 56. Rg6 f5 57. Rg5 e4+ 58. Kxd4 e3 59. Rxf5 e2 60. Re5 Kf2 61. Kd3 e1=Q 62. Rxe1 Kxe1 63. Ke4 f3 64. Kxf3 1/2-1/2

[Event "*** Titled Tuesday Blitz"]
[Site "Chess.com"]
[Date "2020.12.01"]
[Round "10"]
[White "StockholmMissile"]
[Black "Pelopidass"]
[Result "0-1"]
[WhiteElo "2393"]
[BlackElo "2571"]
[TimeControl "180+1"]
[EndTime "11:56:19 PST"]
[Termination "Pelopidass won on time"]

1. d4 e6 2. Nf3 Nf6 3. c4 Bb4+ 4. Bd2 Qe7 5. g3 O-O 6. Bg2 Bxd2+ 7. Qxd2 d5 8. O-O Nc6 9. cxd5 exd5 10. Nc3 Re8 11. Rac1 Bf5 12. Rfe1 Rad8 13. Qf4 Be4 14. e3 h6 15. h4 Nb4 16. Nxe4 dxe4 17. Ne5 Nbd5 18. Qf5 g6 19. Qh3 c6 20. a3 Nd7 21. Bxe4 Nxe5 22. dxe5 Qxe5 23. Bxd5 Rxd5 24. Rc2 Red8 25. Qg4 h5 26.
Qe2 Qe4 27. Rc4 Qe5 28. Rc2 c5 29. Rec1 b6 30. Qf3 Kg7 31. Qe2 R8d6 32. Kh2 Rd3 33.
Kg1 a5 34. Kh2 Qf5 35. Kg1 Rb3 36. Qc4 Rbd3 37. Qf4 Qxf4 38. gxf4 Rd2 39. Kg2 Kf6 40. Kf3 Ke6 41. Ke4 Rxc2 42. Rxc2 Rd1 43. Kf3 Rh1 44. Kg3 Rb1 45. Rd2 a4 46. Rc2 Kd5 47. f5 b5 48. Kf4 c4 49. Kg5 Rg1+ 50. Kf6 Ke4 51. Rd2 gxf5 52. Rd4+ Kf3 53. Rf4+ Ke2 54. Rxf5 Rb1 55.
Rxh5 Rxb2 56. Rc5 Kd3 57. h5 Rxf2+ 58. Kg7 c3 59. h6 c2 60. h7 Rg2+ 61. Kxf7 Rh2 62.
Kg8 Kd2 63. e4 b4 64. e5 bxa3 65. e6 a2 66. e7 a1=Q 67. e8=Q Qg1+ 68. Kf8 Qxc5+ 0-1

[Event "*** Titled Tuesday Blitz"]
[Site "Chess.com"]
[Date "2020.12.01"]
[Round "10"]
[White "ehrenfeld"]
[Black "eCztery"]
[Result "1-0"]
[WhiteElo "2487"]
[BlackElo "2337"]
[TimeControl "180+1"]
[EndTime "11:56:19 PST"]
[Termination "ehrenfeld won by resignation"]

1. e4 e5 2. Nc3 Nf6 3. f4 d5 4. fxe5 Nxe4 5. Qf3 Nxc3 6. bxc3 Be7 7. d4 O-O 8. Bd3 c5 9. Ne2 c4 10. Bf5 Bxf5 11. Qxf5 Qd7 12. Qxd7 Nxd7 13. Rb1 b6 14. Rb5 a6 15. Rxd5 Ra7 16. O-O b5 17. e6 fxe6 18. Rxf8+ Nxf8 19. Re5 Bf6 20. Rc5 Kf7 21. Kf2 Nd7 22.
Rc8 Nb6 23. Rb8 Nd5 24. Bd2 e5 25. Kf3 Re7 26. Ra8 exd4 27. cxd4 c3 28. Nxc3 Nxc3 29. Bxc3 Rc7 30. Bb4 Rxc2 31. Rxa6 Bxd4 32. h4 h5 33.
g4 hxg4+ 34. Kxg4 Bf6 35. h5 Rc4+ 36. Kf5 Rxb4 37. Ra7+ Kg8 38. h6 Kh7 39. hxg7 Bxg7 40. Ke6 Rc4 41. Kd5 Rc2 42. Rb7 Kg6 43. Rb6+ Bf6 44.
Rxb5 Rxa2 45. Rb8 Rd2+ 46. Ke4 Re2+ 47. Kf3 Re5 48. Rb6 Kf5 49. Ra6 Rb5 50. Rc6 Rb3+ 51. Ke2 Be5 52. Rc4 Rh3 53. Kf2 Ke6 54. Ke2 Kd5 55.
Rg4 Bd4 56. Rg5+ Ke4 57. Rg4+ Ke5 58. Rg5+ Kf4 59. Rg8 Rf3 60. Rf8+ Ke4 61. Rxf3 Be5 62. Rh3 Kf5 63. Rh4 Ke6 64. Kf3 Bd6 65. Ke4 Kd7 66. Rh6 Bc7 67. Kd5 Kc8 68. Kc6 Be5 69. Re6 Bc7 70.
Re8+ Bd8 71. Rf8 1-0

[Event "*** Titled Tuesday Blitz"]
[Site "Chess.com"]
[Date "2020.12.01"]
[Round "10"]
[White "Jospem"]
[Black "anon102030"]
[Result "1-0"]
[WhiteElo "2960"]
[BlackElo "2720"]
[TimeControl "180+1"]
[EndTime "11:56:23 PST"]
[Termination "Jospem won on time"]

1. e4 e5 2. Nf3 Nc6 3. Bb5 Nge7 4. c3 d6 5. d4 Bd7 6. O-O Ng6 7.
Be3 Be7 8. Nbd2 O-O 9. Re1 Nxd4 10. cxd4 Bxb5 11. Qb3 Ba6 12. Rac1 Kh8 13. Qc3 exd4 14.
Bxd4 f6 15. Qxc7 Nf4 16. Qxd8 Bxd8 17. Rcd1 Ne2+ 18. Kh1 Nxd4 19. Nxd4 Bb6 20. N2b3 Rac8 21. f3 Rfd8 22. Rd2 Bc4 23. Red1 a5 24. Nf5 Bxb3 25. axb3 Bc5 26. h4 Bb4 27. Re2 g6 28. Ne7 Rc5 29. Nd5 Kg7 30. Nxb4 axb4 31. Rd4 Rb5 32. Rc2 Rd7 33. Kg1 Kf7 34. Rcc4 Ke6 35. Rxb4 Rh5 36. g3 b5 37. Rd2 Rc5 38. Rbd4 Rc6 39. Kg2 Ra7 40. Rd5 b4 41. Rb5 Ra1 42. Rxb4 Rcc1 43. Rbd4 Rc6 44. Rc4 Rb6 45. Rc3 Ra5 46. g4 Rab5 47. Rdd3 h5 48. Kg3 hxg4 49. Kxg4 Rb4 50. Kg3 R4b5 51. Re3 Rb4 52. Kf2 Ke5 53. Rcd3 R4b5 54. Kg3 Ke6 55. f4 Rb4 56. Kg4 R6b5 57. Rc3 Rb6 58. h5 gxh5+ 59. Kxh5 R6b5+ 60. Kg4 Rb8 61. Rc7 Rxb3 62. Rxb3 Rxb3 63. Rc2 Rb4 64. Re2 1-0

[Event "*** Titled Tuesday Blitz"]
[Site "Chess.com"]
[Date "2020.12.01"]
[Round "10"]
[White "Gudmundur_Kjartansson"]
[Black "Chesswizard_2007"]
[Result "1/2-1/2"]
[WhiteElo "2566"]
[BlackElo "2671"]
[TimeControl "180+1"]
[EndTime "11:56:23 PST"]
[Termination "Game drawn by stalemate"]

1. d4 Nf6 2. c4 c5 3. d5 a6 4.
f3 e5 5. e4 d6 6. Nc3 Be7 7.
Bd3 O-O 8. Nge2 Nbd7 9. h4 Re8 10. Be3 Nf8 11. Qd2 Bd7 12. a4 Qa5 13. g4 Reb8 14. Kf2 Qb4 15. h5 Ne8 16. g5 Bd8 17. f4 exf4 18. Bxf4 Ba5 19. e5 Bc7 20. e6 fxe6 21. dxe6 Bxe6 22. Nd5 Bxd5 23. Qxb4 cxb4 24. cxd5 Nd7 25.
Bf5 Nc5 26. Nd4 Bb6 27. Kg3 Ne4+ 28. Bxe4 Bxd4 29. Rab1 Be5 30. Bxe5 dxe5 31. Bf5 Nd6 32. Be6+ Kh8 33. Rhe1 e4 34. Kf4 Rf8+ 35. Ke5 Nc4+ 36. Kd4 Nd2 37. Rbd1 Nf3+ 38. Kxe4 Nxe1 39. Rxe1 b5 40.
axb5 axb5 41. d6 Rfe8 42. Kd5 Rad8 43. Rc1 Rf8 44. d7 h6 45. g6 b3 46. Kd6 b4 47.
Ke7 Rde8+ 48. Kd6 Rd8 49. Rc8 Rfe8 50. Rxd8 Rxd8 51. Kc7 Rf8 52. Bf7 Ra8 53. Be8 Kg8 54. d8=Q Rxd8 55. Kxd8 Kf8 56. Bc6 Kg8 57. Ba4 Kf8 58. Kd7 Kg8 59. Bxb3+ Kh8 60. Ba4 Kg8 61. Ke7 Kh8 62. Kd6 b3 63. Kc5 Kg8 64. Bxb3+ Kf8 65.
Bd5 Ke7 66. b4 Kf6 67. b5 Kg5 68. Bf3 Kf4 69. Bd1 Kg5 70. b6 Kh4 71. b7 Kg3 72. b8=Q+ Kf2 73. Qf4+ Ke1 74. Bg4 1/2-1/2

[Event "*** Titled Tuesday Blitz"]
[Site "Chess.com"]
[Date "2020.12.01"]
[Round "10"]
[White "Duhless"]
[Black "SantoBlue"]
[Result "1-0"]
[WhiteElo "3025"]
[BlackElo "2897"]
[TimeControl "180+1"]
[EndTime "11:56:24 PST"]
[Termination "Duhless won by resignation"]

1. d4 Nf6 2. Nf3 g6 3. c4 Bg7 4. Nc3 O-O 5. e4 d6 6. Be2 e5 7. O-O Nc6 8. d5 Ne7 9. b4 Nh5 10. c5 Nf4 11. Bxf4 exf4 12. Rc1 a5 13. cxd6 cxd6 14. bxa5 Rxa5 15. Qd2 Bg4 16. Qxf4 Bxf3 17.
Bxf3 Rc5 18. Ne2 Be5 19. Qe3 Qa5 20. Rxc5 dxc5 21. Bg4 c4 22. f4 Bd6 23. Kh1 Bc5 24. Qf3 Qxa2 25. f5 Qd2 26. f6 Nxd5 27. exd5 b5 28. Ng3 Qd4 29. Rd1 Qe5 30. Ne4 Bd4 31.
d6 b4 32. d7 c3 33. Qd3 b3 34. Nxc3 Bb6 35. d8=Q Bxd8 36. Qxd8 Re8 37. h3 b2 38. Qd2 h5 39. Bf3 Rb8 40. Nb1 Qxf6 41. Qc3 Qf4 42. Qd4 Qc1 43. Kh2 Re8 44. Qd3 Qc7+ 45. Kh1 Qe5 46. Qd2 Rb8 47. Nc3 h4 48. Rb1 Rc8 49. Ne4 Rb8 50. Qd6 Qb5 51. Nf6+ Kg7 52.
Ng4 Qb4 53. Qf6+ Kh7 54. Qxh4+ Kg7 55. Qf6+ Kg8 56. Nh6+ Kh7 57. Nxf7 Qd2 58. Ng5+ Kh6 59. Nf7+ Kh7 60. Qh4+ Kg7 61. Qh6+ Kxf7 62. Qxd2 Rd8 63. Qf2 Kg7 64. Be2 Re8 65. Rxb2 Rf8 66. Qd4+ Kh7 67. Rb7+ Rf7 68. Qh4+ Kg7 69. Rxf7+ Kxf7 70. Bc4+ 1-0

[Event "*** Titled Tuesday Blitz"]
[Site "Chess.com"]
[Date "2020.12.01"]
[Round "10"]
[White "igorkovalenko"]
[Black "Parhamov"]
[Result "0-1"]
[WhiteElo "2796"]
[BlackElo "2920"]
[TimeControl "180+1"]
[EndTime "11:56:27 PST"]
[Termination "Parhamov won on time"]

1. d4 Nf6 2. Nf3 g6 3. c4 Bg7 4. Nc3 d5 5. Bg5 Ne4 6. Bf4 c5 7. cxd5 Nxc3 8. bxc3 Qxd5 9. e3 Nc6 10. Be2 O-O 11.
O-O b6 12. Nd2 Bb7 13. Bf3 Qd7 14. Rb1 cxd4 15. cxd4 e5 16. dxe5 Nxe5 17. Bxb7 Qxb7 18. Bxe5 Bxe5 19. Nf3 Rfd8 20. Qe2 Bf6 21. Rb4 Rac8 22. a4 Qd5 23. Rf4 Bg7 24. Qa6 Rc7 25. h4 h6 26.
Rb1 Rd6 27. Qb5 Rc5 28. Qe8+ Bf8 29. Rd4 Qc6 30. Qxc6 Rcxc6 31. g4 Rxd4 32. exd4 Rc4 33. a5 bxa5 34. Rb7 a6 35. Rb6 a4 36. Rxa6 a3 37. h5 gxh5 38. gxh5 Bb4 39. d5 Rc2 40. d6 Bxd6 41. Nd4 Rb2 42. Kg2 Bc5 43. Nc6 Rxf2+ 44. Kg3 a2 45. Nb4 Rf5 46. Nxa2 Rxh5 47. Nc3 Kg7 48. Ne4 Bd4 49. Kg4 Rb5 50. Nd6 Rg5+ 51. Kf3 Be5 52. Ne4 Rf5+ 53. Kg2 Rf4 54. Nf2 Rd4 55.
Kf3 Rf4+ 56. Kg2 Rc4 57. Kf3 h5 58. Ne4 f6 59. Nd6 Rc3+ 60. Kg2 Kg6 61. Ne4 Rc4 62. Kf3 h4 63. Ra3 Kf5 64. Nf2 Rc2 65. Kg2 Bd4 66.
Rf3+ Ke5 0-1

[Event "*** Titled Tuesday Blitz"]
[Site "Chess.com"]
[Date "2020.12.01"]
[Round "10"]
[White "esskeettit"]
[Black "GMSrinath"]
[Result "0-1"]
[WhiteElo "2456"]
[BlackElo "2780"]
[TimeControl "180+1"]
[EndTime "11:56:29 PST"]
[Termination "GMSrinath won on time"]

1. d4 Nf6 2. c4 e6 3. Nc3 Bb4 4. e3 O-O 5. Bd3 d5 6. Ne2 b6 7. cxd5 exd5 8. O-O Re8 9. a3 Bd6 10. Ng3 c5 11. Re1 Nc6 12. Bb5 Bd7 13. dxc5 Bxc5 14. Nxd5 Nxd5 15. Qxd5 Qc7 16. b4 Bf8 17. Bb2 a6 18. Bd3 Be6 19. Qe4 g6 20. Rac1 Bd7 21. Qc4 Qd6 22. Be4 Rac8 23. Red1 Ne5 24. Rxd6 Rxc4 25.
Rxc4 Bxd6 26. Rd4 Bc7 27. f4 Bb5 28. fxe5 Bxe5 29. Rd2 Bxg3 30. hxg3 Rxe4 31. Rd8+ Be8 32. Bd4 Re6 33. Bxb6 f6 34. Bd4 Kf7 35. Kf2 Rc6 36. Rb8 Rc2+ 37. Kf3 Bc6+ 38. e4 f5 39. Rb6 Bxe4+ 40. Ke3 Rxg2 41. Rxa6 Rxg3+ 42. Kf4 Rd3 43. Ra7+ Ke6 44. Ra6+ Kd5 45. Bc5 Rf3+ 46. Kg5 Rg3+ 47.
Kf6 f4 48. Rd6+ Kc4 49. Rd4+ Kb5 50. Rxe4 g5 51. Kf5 h5 52. Re5 Ka4 53. Bd4 h4 54. b5 h3 55. b6 h2 56. Re1 Rb3 57. Rh1 Rb5+ 58. Kg4 Kxa3 59. Rxh2 Ka4 60. Rd2 Ka3 61. Kf3 Rb3+ 62. Kg4 Rb5 63. Rd3+ Kb4 64. Rd2 Kc4 65.
Rb2 Rd5 66. b7 Rd8 67. b8=Q Rxb8 68. Rxb8 Kxd4 69. Rd8+ Ke3 70. Kxg5 f3 71. Re8+ Kd2 0-1

[Event "*** Titled Tuesday Blitz"]
[Site "Chess.com"]
[Date "2020.12.01"]
[Round "10"]
[White "Leo_C"]
[Black "Tpros"]
[Result "0-1"]
[WhiteElo "2380"]
[BlackElo "2510"]
[TimeControl "180+1"]
[EndTime "11:56:30 PST"]
[Termination "Tpros won by resignation"]

1. d4 Nf6 2. c4 g6 3. f3 Bg7 4. e4 d6 5. Nc3 c6 6. Be3 Nbd7 7. Nge2 a6 8. Qd2 h5 9. O-O-O b5 10. c5 dxc5 11. dxc5 e5 12. Kb1 a5 13. Bg5 Bb7 14.
Qe3 Bf8 15. Rxd7 Kxd7 16. f4 exf4 17. Qxf4 Be7 18. Nd4 Ke8 19. Bxf6 Bxf6 20. e5 Bg5 21. Qe4 Kf8 22. e6 Bf6 23. Nxc6 Bxc6 24. Qxc6 Bxc3 25.
bxc3 Qd1+ 26. Kb2 Qd2+ 27. Kb1 Kg7 28. Bxb5 Rab8 29. a4 Rhe8 30. Qd7 Qxc3 31. Qxf7+ Kh6 32. Qf4+ Kh7 33. Qf7+ Qg7 34. Qxg7+ Kxg7 35. Re1 Re7 36. Kc2 Kf6 37. Bd7 Rb4 38. Rf1+ Ke5 39. c6 Rxa4 40.
c7 Rc4+ 41. Kd3 Rxc7 42. Re1+ Kd6 43. Ra1 Rc5 44. Kd4 Rg5 45. Re1 Rxg2 46. h4 Rg4+ 47. Kd3 Rxh4 48. Rd1 Rxe6 49. Bxe6 Kxe6 50. Ra1 a4 51.
Ke3 Rc4 52. Kf3 g5 53. Re1+ Kf5 54. Rh1 h4 55. Ke3 a3 56. Kd3 Ra4 57. Ra1 a2 58. Kc3 h3 59. Kb3 Ra6 60. Kb2 Kg4 61. Kc2 Kh4 62. Kd2 Rf6 63. Ke2 h2 64. Rh1 Kh3 65.
Ra1 g4 66. Rxa2 h1=Q 67. Ra3+ Rf3 68. Rxf3+ 0-1

[Event "*** Titled Tuesday Blitz"]
[Site "Chess.com"]
[Date "2020.12.01"]
[Round "10"]
[White "Kildepiotr"]
[Black "Man-Chuk"]
[Result "0-1"]
[WhiteElo "2639"]
[BlackElo "2864"]
[TimeControl "180+1"]
[EndTime "11:56:32 PST"]
[Termination "Man-Chuk won by resignation"]

1. Nf3 d5 2. g3 g6 3. Bg2 Bg7 4. O-O e5 5. d3 Ne7 6. Nbd2 O-O 7.
e4 Nbc6 8. c3 h6 9. Qc2 Be6 10.
b4 a6 11. a4 f5 12. Re1 fxe4 13. dxe4 d4 14. Bb2 g5 15. Nb3 d3 16. Qd1 Ng6 17.
Nc5 Bg4 18. h3 Bxf3 19. Bxf3 Qf6 20. Re3 Rf7 21. Nxd3 Rd8 22. Qe2 Nf4 23. gxf4 gxf4 24. Nxf4 exf4 25. Rd3 Rxd3 26. Qxd3 Ne5 27. Qe2 Rd7 28. Rd1 Qg6+ 29. Kh2 Nxf3+ 30. Qxf3 Rxd1 31. Qxd1 Qxe4 32. Qg4 Qc2 33. Qf3 Qxb2 34. Qd5+ Kf8 35.
Qd8+ Kf7 36. Qxc7+ Kg6 37. Qd6+ Bf6 38. Qd3+ Kf7 39.
Qd7+ Kf8 40. Qc8+ Kg7 41. Qxb7+ Kg6 42. Qe4+ Kf7 43. Qb7+ Be7 44. Qd5+ Kg7 45. Qd4+ Kf8 46. Qh8+ Kf7 47. Qh7+ Ke8 48. Qg8+ Kd7 49. Qd5+ Kc7 50. Qc4+ Kd8 51. Qd5+ Ke8 52. Qg8+ Kd7 53. Qd5+ Bd6 54.
Qb7+ Ke6 55. Qe4+ Kf6 56. Qd4+ Be5 57. Qd8+ Kf7 58. Qd7+ Kf6 59. Qd8+ Ke6 60. Qe8+ Kd5 61. Qa8+ Kc4 62. Qxa6+ Kxc3 63. Qc6+ Kxb4 64. Qb5+ Ka3 65. Qxb2+ Kxb2 66. a5 f3+ 67. Kg1 Kc3 68. a6 Bd4 69. h4 Kd3 70. Kh2 Ke2 71. Kh3 Kxf2 72. Kg4 Ke3 0-1

[Event "*** Titled Tuesday Blitz"]
[Site "Chess.com"]
[Date "2020.12.01"]
[Round "10"]
[White "esapunov"]
[Black "Nikolaj_6"]
[Result "1/2-1/2"]
[WhiteElo "2798"]
[BlackElo "2648"]
[TimeControl "180+1"]
[EndTime "11:56:35 PST"]
[Termination "Game drawn by repetition"]

1. c4 e5 2. Nf3 Nc6 3. Nc3 Nf6 4. e3 d6 5. a3 a5 6. Qc2 g6 7. Be2 Bg7 8. O-O O-O 9. d3 h6 10. Rb1 d5 11. cxd5 Nxd5 12. Re1 Re8 13. Na4 Nce7 14.
g3 c6 15. b3 Nb6 16. Nc5 Nd7 17. Ne4 Nf5 18. Bb2 Nb6 19. Red1 Qe7 20. Rbc1 Nd6 21.
Nc5 Nd7 22. e4 Nxc5 23. Qxc5 Nb5 24. Qxe7 Rxe7 25. Rc5 f6 26. a4 Nc7 27. d4 exd4 28.
Nxd4 Kh7 29. f3 Ne6 30. Nxe6 Bxe6 31. Bc4 Bxc4 32. Rxc4 f5 33. Bxg7 Kxg7 34. exf5 gxf5 35. Rd6 Rf8 36. Kf2 Rf6 37. Rxf6 Kxf6 38. Rc5 Re5 39. Rc4 Rd5 40. Ke3 Rd1 41. b4 axb4 42. Rxb4 Rd7 43. Rh4 Kg5 44. Rb4 Kf6 45. h3 Ke5 46. g4 fxg4 47. hxg4 c5 48. Rb6 c4 49. Rb5+ Ke6 50.
Rc5 Rd3+ 51. Ke4 Rc3 52. f4 Kd6 53. Kd4 Rf3 54. Rd5+ Kc6 55. Rc5+ Kd6 56. Rd5+ Kc6 57. Rf5 c3 58. Rf8 c2 59. Rc8+ Kd7 60. Rxc2 Rxf4+ 61. Kc5 Rxg4 62. a5 Kc7 63. Rf2 Rg6 64. Rf7+ Kb8 65.
Kb5 Ka7 66. Rh7 Rg5+ 67. Kb4 h5 68. Rf7 Rg4+ 69. Kb5 h4 70. Rh7 Rg5+ 71. Kb4 Rg4+ 72. Kb5 Rf4 73. Rh6 Kb8 74. Rh7 Ka7 75. Rh6 Re4 76.
Rh7 Rf4 1/2-1/2